 Dungeon Crawl Stone Soup version 0.31.0-1-g2c135a008e (webtiles) character file.

Game seed: 12469819979801415583

1584 qw the Shooter (level 9, -1/65 HPs)
             Began as a Djinni Hunter on Jan 23, 2024.
             Slain by a yak (5 damage)
             ... on level 5 of the Dungeon.
             The game lasted 00:00:18 (3240 turns).

qw the Shooter (Djinni Hunter)                      Turns: 3240, Time: 00:00:19

Health: -1/65      AC:  7    Str: 10    XL:     9   Next: 14%
Gold:   58         EV: 16    Int: 11    God:
                   SH:  0    Dex: 21

rFire   + + .        a - +1 shortbow (freeze)
rCold   x . .        (shield currently unavailable)
rNeg    . . .        f - +2 robe
rPois   inf          h - +0 helmet
rElec   .            c - +0 cloak
rCorr   .            e - +0 pair of gloves
SInv    .            (boots unavailable)
Will    .....        k - amulet of faith
Stlth   ++           (no ring)
HPRegen 0.30/turn    (no ring)
MPRegen 0.00/turn

%: faith, infuse magic (-2 HP)
@: flying
A: sickness immunity, fire resistance 2, cold vulnerability 1, float, innate
caster, HP casting, extra vitality 1
a: no special abilities


You were on level 5 of the Dungeon.
You visited 1 branch of the dungeon, and saw 5 of its levels.
You also visited: Sewer.

You collected 234 gold pieces.
You spent 176 gold pieces at shops.


Innate Abilities, Weirdness & Mutations

You are immune to sickness and miasma.
You are immune to poison.
Your flesh is very heat resistant. (rF++)
You are vulnerable to cold. (rC-)
You float through the air rather than walking.
You learn spells naturally, not from books.
Your magical power is your life essence.
You have superior vitality. (+4 MHP)


   Skills:
 - Level 5.2 Fighting
 + Level 7.1 Ranged Weapons
 - Level 2.1 Armour
 - Level 6.5 Dodging
 - Level 0.7 Stealth


You knew the following spells:

 Your Spells              Type           Power      Damage    Failure   Level
a - Shock                 Conj/Air       0%         1d3       34%         1
b - Lesser Beckoning      Tloc           0%         N/A       47%         2
c - Static Discharge      Conj/Air       0%         3-3/arc   47%         2
d - Olgreb's Toxic Radia  Alch           0%         N/A       98%         4
Your spell library was empty.

Inventory:

Hand Weapons
 a - a +1 shortbow of freezing (weapon)
Armour
 c - a +0 cloak (worn)
 e - a +0 pair of gloves (worn)
 f - a +2 robe (worn)
 h - a +0 helmet (worn)
Jewellery
 k - an amulet of faith (around neck)
Wands
 l - a wand of flame (28)
Scrolls
 b - a scroll of poison {unknown}
 g - a scroll of enchant armour {unknown}
 i - 2 scrolls of identify
Potions
 d - 3 potions of might

Dungeon Overview and Level Annotations

Branches:
Dungeon (5/15)              Sewer (visited)
 Temple: D:4-7

Altars:

Shops:
D:2 [   D:4 *


Message History

The yak misses you.
You shoot an arrow. The arrow hits the yak!
The arrow freezes the yak.
You kill the yak!
Edmund grinds his teeth, and then sighs.
Your Ranged Weapons skill increases to level 7!
You have reached level 9!
Your experience leads to an increase in your attributes!
Increase (S)trength, (I)ntelligence, or (D)exterity?
You feel agile. x2
The power to cast Olgreb's Toxic Radiance wells up from within.
Spell assigned to 'd'.
You shoot an arrow. The arrow hits Edmund.
The arrow freezes Edmund.
Edmund is severely wounded.
Edmund says, "People accused me of being a cutpurse!"
Edmund hits you with a +0 flail of draining.
You shoot an arrow. The arrow hits Edmund.
The arrow freezes Edmund.
Edmund is severely wounded.
Edmund hits you with a +0 flail of draining.
You shoot an arrow. The arrow hits Edmund.
The arrow freezes Edmund.
Edmund is almost dead.
Edmund misses you.
You shoot an arrow. The arrow closely misses Edmund.
The arrow hits the yak.
The arrow freezes the yak.
The yak is lightly wounded.
Edmund says, "People will remember me!
They'll remember me and die!"
Edmund hits you with a +0 flail of draining.
You shoot an arrow. The arrow hits Edmund.
The arrow freezes Edmund.
Edmund is almost dead.
Edmund closely misses you.
You shoot an arrow. The arrow barely misses Edmund.
The arrow hits the yak but does no damage.
The yak is lightly wounded.
Edmund closely misses you.
You shoot an arrow. The arrow hits Edmund!
The arrow freezes Edmund.
You kill Edmund!
Your Dodging skill increases to level 6!
You shoot an arrow. The arrow completely misses the yak.
The arrow hits the yak but does no damage.
The yak gores you.
You die...

.. ..# ...#.##.###
..###..##..........
#@#.........#....#
#.#.....# #.#....#
#.#...#.# #.#....#
#.####.#.....###<#....#
..Y.....Y........>....#
.....#.#Y#...........####
... #.#@########.##.....
. #.#.#### #.##..###
..#.#.. ..##..# ###.#.#
##.##..### ##.#.##
#.#...... #.....#
...#.#####
#.....##.##.#.#
####........##.#)#####
#........#####.#.....#


You could see 2 yaks.

Vanquished Creatures
  A hornet (D:4)
  Grinder (D:5)
  2 yaks (D:5)
  Edmund (D:5)
  2 ogres (D:4)
  3 bullfrogs
  A bombardier beetle (D:4)
  A jelly (D:4)
  An orc priest (D:4)
  2 hounds (D:4)
  2 iguanas (D:4)
  A sleepcap (D:5)
  7 adders
  A river rat (D:3)
  A ribbon worm (D:4)
  9 dart slugs
  6 orcs
  8 endoplasms
  5 giant cockroaches
  5 goblins
  7 hobgoblins
  9 jackals
  6 quokkas
  8 ball pythons
  4 bats
  11 frilled lizards
  10 kobolds
  5 rats
120 creatures vanquished.

Notes
Turn   | Place    | Note
-------+----------+-------------------------------------------
     0 | D:1      | qw the Djinni Hunter began the quest for the Orb.
     0 | D:1      | Reached XP level 1. HP: 18/18 MP: 0/0
     0 | D:1      | 0 ||| qw: Version: 0.3-a-135-gb77e89d
     0 | D:1      | 0 ||| qw: Game counter: 935
     0 | D:1      | 0 ||| qw: Melee chars always use a shield: true
     0 | D:1      | 0 ||| qw: God list: Okawaru
     0 | D:1      | 0 ||| qw: Allow faded altars: false
     0 | D:1      | 0 ||| qw: Do Orc after clearing Dungeon:15 true
     0 | D:1      | 0 ||| qw: Do second Lair branch before Depths: true
     0 | D:1      | 0 ||| qw: Lair rune preference: random
     0 | D:1      | 0 ||| qw: Goals: Normal
     0 | D:1      | 0 ||| PLANNING D:1-11
    40 | D:1      | Reached XP level 2. HP: 23/23 MP: 0/0
   158 | D:1      | Reached XP level 3. HP: 28/28 MP: 0/0
   158 | D:1      | Learned a level 1 spell: Shock
   162 | D:1      | Reached skill level 4 in Ranged Weapons
   443 | D:1      | 443 ||| UPGRADING to +0 pair of gloves.
   448 | D:1      | 448 ||| READING 2 scrolls labelled TIWKOC VUENAF.
   449 | D:1      | 449 ||| READING scroll labelled POSITT ZOQIDAR.
   449 | D:1      | 449 ||| BRANDING +0 shortbow.
   450 | D:1      | 450 ||| DRINKING 2 fuming yellow potions.
   451 | D:1      | 451 ||| DROPPING scroll of butterflies.
   452 | D:1      | 452 ||| DROPPING potion of degeneration.
   453 | D:1      | 453 ||| DROPPING scroll of summoning.
  1046 | D:2      | Found Fimpyig's Armour Shop.
  1050 | D:2      | 1050 ||| SHOPLISTING +1 leather armour "Cifogh" {rCorr}
                  | (196 gold, have 140).
  1050 | D:2      | 1050 ||| SHOPLISTING +5 ring mail of Juzenoalo {Int+3} (423
                  | gold, have 140).
  1276 | D:2      | 1276 ||| UPGRADING to +0 ring mail.
  1286 | D:2      | 1286 ||| DROPPING +0 leather armour.
  1287 | D:2      | 1287 ||| READING scroll labelled XEFAPE QIG GICS.
  1287 | D:2      | 1287 ||| ENCHANTING +0 shortbow of freezing.
  1288 | D:2      | 1288 ||| READING scroll labelled TAZIJO COIFFAPP.
  1289 | D:2      | 1289 ||| READING scroll labelled YCIBAMU PUMUGH.
  1289 | D:2      | 1289 ||| IDENTIFYING bubbling brown potion
  1316 | D:3      | 1316 ||| PLANNING SEWER
  1341 | D:3      | Reached XP level 4. HP: 34/34 MP: 0/0
  1597 | D:3      | Reached skill level 1 in Armour
  1607 | D:3      | Reached skill level 3 in Fighting
  1771 | D:3      | Found a glowing drain.
  1778 | D:3      | 1778 ||| UPGRADING to +0 cloak.
  1783 | D:3      | 1783 ||| READING scroll labelled QEUVVY BASORCH.
  1786 | D:3      | 1786 ||| READING scroll labelled SAOMIOSOUB.
  1787 | D:3      | 1787 ||| DRINKING 2 fizzy pink potions.
  1788 | D:3      | 1788 ||| DRINKING white potion.
  1801 | D:3      | 1801 ||| DROPPING potion of ambrosia.
  1870 | Sewer    | Entered a sewer
  1882 | Sewer    | Reached XP level 5. HP: 40/40 MP: 0/0
  1882 | Sewer    | Learned a level 2 spell: Lesser Beckoning
  1924 | Sewer    | Noticed a bullfrog
  1925 | Sewer    | 1925 ||| ZAPPING wand of quicksilver (11) at -1,-4
                  | (bullfrog; deep_water).
  1925 | Sewer    | Noticed a bullfrog
  1926 | Sewer    | 1926 ||| RETREEEEATING.
  1927 | Sewer    | 1927 ||| RETREEEEATING.
  1928 | Sewer    | 1928 ||| RETREEEEATING.
  1929 | Sewer    | 1929 ||| RETREEEEATING.
  1930 | Sewer    | 1930 ||| RETREEEEATING.
  1931 | Sewer    | 1931 ||| RETREEEEATING.
  1932 | Sewer    | 1932 ||| RETREEEEATING.
  1933 | Sewer    | 1933 ||| RETREEEEATING.
  1934 | Sewer    | 1934 ||| RETREEEEATING.
  1935 | Sewer    | 1935 ||| RETREEEEATING.
  1936 | Sewer    | 1936 ||| RETREEEEATING.
  1937 | Sewer    | 1937 ||| RETREEEEATING.
  1938 | Sewer    | 1938 ||| RETREEEEATING.
  1939 | Sewer    | 1939 ||| RETREEEEATING.
  1940 | Sewer    | 1940 ||| RETREEEEATING.
  1941 | Sewer    | 1941 ||| ZAPPING wand of quicksilver (10) at 1,0 (bullfrog;
                  | deep_water).
  1941 | Sewer    | Killed a bullfrog
  1942 | Sewer    | Reached skill level 5 in Ranged Weapons
  1942 | Sewer    | 1942 ||| ZAPPING wand of quicksilver (9) at 2,0 (bullfrog;
                  | deep_water).
  1943 | Sewer    | 1943 ||| ZAPPING wand of quicksilver (8) at 1,0 (bullfrog;
                  | deep_water).
  1943 | Sewer    | Killed a bullfrog
  1944 | Sewer    | Reached skill level 3 in Dodging
  1944 | Sewer    | Reached XP level 6. HP: 30/46 MP: 0/0
  2129 | Sewer    | 2129 ||| UPGRADING to +0 helmet.
  2134 | Sewer    | 2134 ||| READING scroll labelled DIT QAHUH XIZAW.
  2167 | D:3      | 2167 ||| PLANNING D:1-11
  2289 | D:4      | Found Foohiff's General Store.
  2297 | D:4      | 2297 ||| BUYING +2 robe (152 gold).
  2297 | D:4      | Bought a +2 robe for 152 gold pieces
  2297 | D:4      | 2297 ||| SHOPLISTING amulet of the acrobat (360 gold, have
                  | 55).
  2297 | D:4      | 2297 ||| BUYING scroll of identify (24 gold).
  2297 | D:4      | Bought a scroll of identify for 24 gold pieces
  2369 | D:4      | Noticed a hornet
  2370 | D:4      | 2370 ||| ZAPPING wand of quicksilver (7) at -4,-6 (hornet;
                  | floor).
  2371 | D:4      | 2371 ||| ZAPPING wand of quicksilver (6) at -2,-4 (hornet;
                  | floor).
  2372 | D:4      | 2372 ||| ZAPPING wand of quicksilver (5) at -2,-3 (hornet;
                  | floor).
  2373 | D:4      | 2373 ||| ZAPPING wand of quicksilver (4) at -1,-1 (hornet;
                  | open_door).
  2374 | D:4      | 2374 ||| ZAPPING wand of quicksilver (3) at -1,-1 (hornet;
                  | open_door).
  2375 | D:4      | 2375 ||| ZAPPING wand of quicksilver (2) at -1,-1 (hornet;
                  | open_door).
  2376 | D:4      | 2376 ||| ZAPPING wand of quicksilver (1) at -1,-1 (hornet;
                  | open_door).
  2376 | D:4      | Killed a hornet
  2377 | D:4      | Reached XP level 7. HP: 45/54 MP: 0/0
  2377 | D:4      | Learned a level 2 spell: Static Discharge
  2505 | D:4      | Reached XP level 8. HP: 54/59 MP: 0/0
  2520 | D:4      | Reached skill level 6 in Ranged Weapons
  2538 | D:4      | 2538 ||| FLEEEEING.
  2539 | D:4      | 2539 ||| FLEEEEING.
  2540 | D:4      | 2540 ||| FLEEEEING.
  2541 | D:4      | 2541 ||| FLEEEEING.
  2542 | D:4      | 2542 ||| FLEEEEING.
  2543 | D:4      | 2543 ||| FLEEEEING.
  2544 | D:4      | 2544 ||| FLEEEEING.
  2546 | D:4      | 2546 ||| FLEEEEING.
  2547 | D:4      | 2547 ||| FLEEEEING.
  2548 | D:4      | 2548 ||| FLEEEEING.
  2549 | D:4      | 2549 ||| FLEEEEING.
  2550 | D:4      | 2550 ||| FLEEEEING.
  2551 | D:4      | 2551 ||| FLEEEEING.
  2950 | D:4      | 2950 ||| UPGRADING to +2 robe.
  2960 | D:4      | 2960 ||| DROPPING +0 ring mail.
  2961 | D:4      | 2961 ||| UPGRADING to amulet of faith.
  2966 | D:4      | 2966 ||| DROPPING +6 ring of intelligence.
  2967 | D:4      | 2967 ||| READING 4 scrolls of identify.
  2967 | D:4      | 2967 ||| IDENTIFYING sapphire potion
  2968 | D:4      | 2968 ||| READING 3 scrolls of identify.
  2968 | D:4      | 2968 ||| IDENTIFYING purple potion
  2969 | D:4      | 2969 ||| DROPPING potion of brilliance.
  2970 | D:4      | 2970 ||| DROPPING potion of invisibility.
  3003 | D:5      | Entered Level 5 of the Dungeon
  3004 | D:5      | Noticed Grinder
  3005 | D:5      | 3005 ||| STAIRDANCE
  3011 | D:5      | 3011 ||| ZAPPING wand of flame (20) at 4,-3 (Grinder;
                  | floor).
  3013 | D:5      | 3013 ||| ZAPPING wand of flame (19) at 2,-3 (Grinder;
                  | floor).
  3014 | D:5      | 3014 ||| ZAPPING wand of flame (18) at 1,-2 (Grinder;
                  | floor).
  3015 | D:5      | 3015 ||| ZAPPING wand of flame (17) at 1,-1 (Grinder;
                  | floor).
  3016 | D:5      | 3016 ||| ZAPPING wand of flame (16) at 1,-1 (Grinder;
                  | floor).
  3017 | D:5      | 3017 ||| ZAPPING wand of flame (15) at 1,-1 (Grinder;
                  | floor).
  3018 | D:5      | 3018 ||| ZAPPING wand of flame (14) at 1,-1 (Grinder;
                  | floor).
  3018 | D:5      | Killed Grinder
  3203 | D:5      | Noticed a yak
  3204 | D:5      | Noticed a yak
  3205 | D:5      | 3205 ||| RETREEEEATING.
  3206 | D:5      | Noticed Edmund
  3206 | D:5      | Noticed a yak
  3207 | D:5      | 3207 ||| RETREEEEATING.
  3210 | D:5      | 3210 ||| RETREEEEATING.
  3211 | D:5      | 3211 ||| RETREEEEATING.
  3215 | D:5      | Killed a yak
  3217 | D:5      | Noticed a yak
  3222 | D:5      | HP: 10/59 [yak (12)]
  3232 | D:5      | Killed a yak
  3233 | D:5      | Reached skill level 7 in Ranged Weapons
  3233 | D:5      | Reached XP level 9. HP: 15/65 MP: 0/0
  3233 | D:5      | Learned a level 4 spell: Olgreb's Toxic Radiance
  3233 | D:5      | HP: 12/65 [Edmund/+0 flail of draining (3)]
  3236 | D:5      | HP: 3/65 [Edmund/+0 flail of draining (5)]
  3239 | D:5      | Killed Edmund
  3240 | D:5      | Reached skill level 6 in Dodging
  3240 | D:5      | Slain by a yak

Levels and vault maps discovered:
D:1:      dpeg_arrival_houses_and_road, layout_basic
D:2:      layout_basic, serial_shops, nicolae_shop_pleasant_corner_grove,
          minivault_14
D:3:      layout_rooms, gup_sewer_entry_bubbles
D:4:      layout_gridville, serial_shops, shop
D:5:      layout_basic, minmay_temple_entry_poolview, uniq_edmund, uniq_grinder

Skill      XL: |  1  2  3  4  5  6  7  8  9 |
---------------+----------------------------+-----
Ranged Weapons | 4 5 7 |  7.1
Armour         | 1 2 |  2.1
Fighting       | 3 5 |  5.2
Dodging        | 3 5 6 |  6.5
Stealth        | |  0.7

Action                     |  1- 3 |  4- 6 |  7- 9 || total
---------------------------+-------+-------+-------++-------
   Fire: Shortbow          |    90 |   132 |   105 ||   327
  Evoke: Wand              |       |    11 |     7 ||    18
    Use: Scroll            |     5 |     3 |     2 ||    10
         Potion            |     1 |     2 |       ||     3
 Armour: Leather armour    |    20 |       |       ||    20
         Ring mail         |     1 |    52 |    13 ||    66
         Robe              |       |       |    24 ||    24
  Dodge: Dodged            |    17 |    49 |    30 ||    96

Table legend:
 A = Non-vault XP
 B = Vault XP
 C = Vault XP percentage of total XP
 D = Non-vault monster count
 E = Vault monster count
 F = Vault count percentage of total count
                 A         B        C        D         E       F
            +---------+---------+-------+---------+---------+-------
      Total |    1517 |     747 |  33.0 |      84 |      36 |  30.0
            +---------+---------+-------+---------+---------+-------
        D:1 |      45 |       0 |   0.0 |      26 |       0 |   0.0
        D:2 |      21 |       0 |   0.0 |      13 |       0 |   0.0
        D:3 |      25 |      46 |  64.8 |      15 |       7 |  31.8
        D:4 |     985 |       0 |   0.0 |      27 |       0 |   0.0
        D:5 |     441 |     435 |  49.7 |       3 |       2 |  40.0
      Sewer |       0 |     266 | 100.0 |       0 |      27 | 100.0
            +---------+---------+-------+---------+---------+-------
